cohdb
Replays
Latest Replays
All Replays
Popular Replays
Top Player Replays
Match Explorer
How It Works
Community
CoH3 Stats
Reddit
Sign in to upload your games and track your stats! →
Sign in with Steam
Match 44985139
Unlisted
Match 44985139
Overview
Messages
Build Orders
End
Construct Barracks
Riflemen Squad
Engineer Squad
Selects Heavy Weapons
1⁄4-ton 4x4 Truck
Riflemen Squad
Infantry Support Center
.30 cal Machine Gun
Selects Assault Carriers
Construct Weapon Support Center
M3 Assault Carrier
Forward Retreat Point
Selects Exchangeable Parts
M3 Assault Carrier
Advanced Logistics
M1918 Browning Automatic Rifles
Grenade Package
Riflemen Squad
.30 cal Machine Gun
.30 cal Machine Gun
Construct Tank Depot
.30 cal Machine Gun
Survival Training
Selects M26 Pershing Heavy Tank
.30 cal Machine Gun
.30 cal Machine Gun
M26 Pershing Heavy Tank
Selects M2HB .50cal Heavy Machine Gun
Selects Gallant Stand
Engineer Squad
Engineer Squad
M18 Hellcat Tank Destroyer
Engineer Squad
Selects Black Dragon Artillery Barrage
Black Dragon Artillery Barrage
M26 Pershing Heavy Tank
M4(105) Sherman Bulldozer
Scout Squad
Scout Squad
Black Dragon Artillery Barrage
Engineer Squad
Engineer Squad
Black Dragon Artillery Barrage
Forward Retreat Point
Black Dragon Artillery Barrage
Seraph
Bubbciss
JT
Six
Quetzalcoatl phantom
Rawr!
DirtyDuck
StoneshardLover
0
0
Comments
sign in to comment!
No comments posted yet!